 Dungeon Crawl Stone Soup version 0.28-a0-655-g4eb62b627b (webtiles) character file.

Game seed: 3343255146327991164

219 bjtr the Conjurer (level 5, -2/38 HPs)
             Began as a Demigod Conjurer on Oct 13, 2021.
             Shot with a stone by a goblin (4 damage)
             ... on level 4 of the Dungeon.
             The game lasted 00:12:11 (3307 turns).

bjtr the Conjurer (Demigod Conjurer)                Turns: 3307, Time: 00:12:11

Health: -2/38      AC:  6    Str:  8    XL:     5   Next: 36%
Magic:  1/13       EV: 10    Int: 24    God:
Gold:   98         SH:  0    Dex: 12    Spells: 8/11 levels left

rFire   . . .      SeeInvis .   f - +0 short sword
rCold   . . .      Faith    .   (no shield)
rNeg    . . .      Spirit   .   p - +0 ring mail
rPois   .          Reflect  .   s - +0 helmet
rElec   .          Harm     .   (no cloak)
rCorr   +          Rampage  .   (no gloves)
Will    .....                   (no boots)
Stlth   +.........              (no amulet)
HPRegen 0.12/turn               g - ring of resist corrosion
MPRegen 0.13/turn               (no ring)

@: no status effects
A: high mp 1, forlorn
a: no special abilities


You were on level 4 of the Dungeon.
You visited 1 branch of the dungeon, and saw 4 of its levels.

You collected 98 gold pieces.

Inventory:

Hand Weapons
 b - a +0 dagger
 f - a +0 short sword (weapon)
 v - a +0 hunting sling
 x - a +0 trident
Missiles
 c - 35 stones
 i - 5 atropa-tipped darts
 j - 78 bolts
 k - 15 poisoned darts
 n - 16 sling bullets
 y - a boomerang
Armour
 a - a +0 robe
 p - a +0 ring mail (worn)
 s - a +0 helmet (worn)
Jewellery
 g - a ring of resist corrosion (left hand)
Wands
 q - a wand of iceblast (9)
 t - a wand of paralysis (8)
Scrolls
 h - 2 scrolls of blinking {unknown}
 o - a scroll of amnesia {unknown}
 r - a scroll of fog {unknown}
 w - a scroll of immolation {unknown}
Potions
 d - a potion of lignification {unknown}
 e - a potion of heal wounds {unknown}
 l - a potion of brilliance
 m - 2 potions of curing
 u - a potion of resistance


   Skills:
 - Level 1.7 Dodging
 - Level 1.7 Stealth
 * Level 3.7 Spellcasting
 + Level 5.1 Conjurations


You had 8 spell levels left.
You knew the following spells:

 Your Spells              Type           Power      Damage    Failure   Level
a - Magic Dart            Conj           100%       1d8       3%          1
b - Searing Ray           Conj           58%        2d6       5%          2

Your spell library contained the following spells:

 Spells                   Type           Power      Damage    Failure   Level
 Dazzling Flash           Conj/Hex       32%        N/A       32%         3
 Corpse Rot               Necr/Air       N/A        N/A       43%         2
 Ensorcelled Hibernation  Hex/Ice        8%         N/A       43%         2
 Tukima's Dance           Hex            4%         N/A       67%         3
 Fulminant Prism          Conj/Hex       8%         3d7       71%         4
 Iskenderun's Mystic Bla  Conj/Tloc      16%        2d5       71%         4
 Dispel Undead            Necr           4%         3d7       97%         4
 Death Channel            Necr           2%         N/A       100%        6


Dungeon Overview and Level Annotations

Branches:
Dungeon (4/15)
 Temple: D:4-7

Portals:
Ossuary: D:4

Annotations:
D:4 2 runed translucent doors, a11behringer's ghost, amateur MiHu


Innate Abilities, Weirdness & Mutations

Your attributes grow dramatically as you level up.
You have an increased reservoir of magic. (+10% MP)
You shall have no god before yourself.


Message History

You kill the orc!
Things that are here:
a +0 dagger; an orc corpse
There is a stone staircase leading up here.
You now have 98 gold pieces (gained 10).
Items here: ( ) [ †.
x - a +0 trident;
y - a boomerang You pick up a book of Maledictions and begin reading...
You add the spells Ensorcelled Hibernation and Tukima's Dance to your library.
Found a sand-covered staircase.
A goblin comes into view. It is wielding a +0 club.
Found a scroll labelled BYINOA QYRGH.
The goblin shouts!
You hear a shout!
The goblin unwields a +0 club.
The goblin wields a +0 hunting sling.
The goblin shoots a stone.
The stone hits you.
* * * LOW HITPOINT WARNING * * *
A goblin comes into view. It is wielding a +0 dagger.
The goblin shouts!
The goblin shoots a stone.
The stone hits you.
* * * LOW HITPOINT WARNING * * *
You start resting.
A goblin is nearby!
Casting: Magic Dart (safe; 3% risk of failure)
Confirm with . or Enter, or press ? or * to list all spells.
Aiming: Searing Ray (safe; 5% risk of failure)
Press: ? - help, Shift-Dir - straight line, f - goblin
Aim: a goblin, wielding a +0 hunting sling and quivering stones (74% to hit)
The searing ray misses the goblin. (Press . to maintain the ray.)
An endoplasm comes into view.
The goblin shoots a stone.
The stone closely misses you.
The searing ray misses the goblin.
The goblin hits you but does no damage.
The goblin shoots a stone.
The stone hits you but does no damage.
Without enough magic to sustain it, your searing ray dissipates.
The goblin shoots a stone.
The stone barely misses you. The goblin completely misses you.
The goblin barely misses you.
The goblin shoots a stone.
The stone hits you.
* * * LOW HITPOINT WARNING * * *
The goblin shoots a stone.
The stone hits you.
You die...

...............## ....
###............# #....
#..#.........###...#
##..#...)†...###...#
## ....#.[><.....†..#
.#..###.#.........####
..................#
.....................
####.....@........###
#...#..............
.......##g.........#.
...#g#.......##.#.#.
#....#....##.# .#.#
..#.....#.# .# .
g...∩.... # #?.g....##
....# #


You could see 2 goblins.

Vanquished Creatures
  A centaur skeleton (D:4)
  An orc wizard (D:3)
  A hound skeleton (D:4)
  7 adders
  6 worms
  2 dart slugs (D:2)
  8 orcs
  6 endoplasms
  A giant cockroach (D:1)
  6 goblins
  4 hobgoblins
  4 quokkas
  5 ball pythons
  3 bats
  2 frilled lizards
  4 kobolds
  An orc zombie (D:4)
  6 rats
68 creatures vanquished.

Vanquished Creatures (others)
  4 plants (D:3)
4 creatures vanquished.

Grand Total: 72 creatures vanquished

Notes
Turn   | Place    | Note
-------+----------+-------------------------------------------
     0 | D:1      | bjtr the Demigod Conjurer began the quest for the Orb.
     0 | D:1      | Reached XP level 1. HP: 14/14 MP: 5/5
   231 | D:1      | Reached skill level 4 in Conjurations
   326 | D:1      | Reached XP level 2. HP: 20/20 MP: 4/7
   331 | D:1      | Learned a level 2 spell: Searing Ray
  1257 | D:2      | Reached XP level 3. HP: 26/26 MP: 2/9
  1987 | D:2      | Reached XP level 4. HP: 33/33 MP: 6/10
  3216 | D:4      | Reached skill level 5 in Conjurations
  3220 | D:4      | Reached XP level 5. HP: 20/38 MP: 4/13
  3223 | D:4      | Found a large runed translucent door.
  3224 | D:4      | Found a large runed translucent door.
  3244 | D:4      | Noticed a11behringer's ghost (amateur MiHu)
  3295 | D:4      | Found a sand-covered staircase.
  3307 | D:4      | Shot with a stone by a goblin

Illustrated notes

Levels and vault maps discovered:
D:1:      sevenhm_arrival_forest_fort_large_3, layout_basic, chequers_arboretum,
          minmay_misc_feat_tiny
D:2:      layout_loops_ring, shapermc_ecumenical_altar_hornbeckon,
          minmay_unequal
D:3:      cheibrodos_old_hovel, layout_loops_cross
D:4:      layout_rooms, cheibrodos_sewer_entry_bend, enter_ossuary_3,
          ebering_ghost_disaster_area

Skill      XL: |  1  2  3  4 |
---------------+-------------+-----
Conjurations   | 4 5 |  5.1
Spellcasting   | 2 3 |  3.7
Dodging        | |  1.7
Stealth        | |  1.7

Action                   |  1- 3 |  4- 6 || total
-------------------------+-------+-------++-------
Melee: Dagger            |     4 |       ||     4
       Short sword       |     9 |    25 ||    34
 Cast: Magic Dart        |    42 |     1 ||    43
       Searing Ray       |    15 |    22 ||    37
Evoke: Wand              |       |     2 ||     2
  Use: Scroll            |       |     3 ||     3
 Stab: Paralysed         |       |     1 ||     1
Armor: Robe              |     1 |       ||     1
       Ring mail         |     7 |    18 ||    25
Dodge: Dodged            |    17 |    24 ||    41

Table legend: (Time is in decaauts)
 A = Elapsed time spent in this place.
 B = Non-inter-level travel time spent in this place.
 C = Inter-level travel time spent in this place.
 D = Time resting spent in this place.
 E = Time spent auto-exploring this place.
 F = Levels seen in this place.
 G = Mean time per level.
                   A        B        C        D        E       F      G
               +--------+--------+--------+--------+--------+-----+--------+
         Total |   3316 |   3256 |     60 |    337 |   2369 |   4 |  829.0 |
       Dungeon |   3316 |   3256 |     60 |    337 |   2369 |   4 |  829.0 |
               +--------+--------+--------+--------+--------+-----+--------+

Top non-repeatable levels by time:
     D:2: 1267 daAuts
     D:3: 1091 daAuts
     D:1: 862 daAuts
     D:4: 94 daAuts
